[Event "Early-Titled-Tuesday-Blitz-May-14-2024"]
[Site "Chess.com"]
[Date "2024.05.14"]
[Round "11"]
[White "js20000"]
[Black "Artem_Koval"]
[Result "1-0"]
[WhiteElo "2760"]
[BlackElo "2578"]
[TimeControl "180+1"]
[EndTime "10:08:27 PDT"]
[Termination "js20000 won on time"]

1. b3 e5 2. Bb2 Nc6 3. c4 Nf6 4. g3 d5 5. cxd5 Qxd5 6. Nf3 e4 7. Nc3 Qh5 8. Nh4 Bg4 9. h3 Be6 10. Ng2 O-O-O 11. Nf4 Qe5 12. Nxe6 Qxe6 13. Bg2 e3 14. fxe3 Bd6 15. O-O Bxg3 16. Nb5 Kb8 17. Rc1 a6 18. Rxc6 bxc6 19. Nd4 Rxd4 20. Bxd4 Ne4 21. Qc2 f5 22. d3 c5 23. Bxc5 Nxc5 24. Qxc5 Bd6 25. Qc6 Qxe3+ 26. Kh1 Kc8 27. Rf3 Qe5 28. Qxa6+ Kd7 29. Kg1 Bc5+ 30.
Kh1 Bd6 31. Qa4+ Ke7 32. Kg1 Bc5+ 33. d4 Bxd4+ 34. Kh1 Be3 35. Qc4 Rd8 36. Rf1 Bc5 37. Qh4+ Ke8 38. Qh5+ g6 39. Qxh7 Bd6 40. Qxg6+ Ke7 41.
Qh7+ Ke6 42. Qg6+ Ke7 43. Kg1 Bc5+ 44. e3 Bxe3+ 45. Kh1 f4 46. Qh7+ Ke6 47. Bf3 Qb2 48.
Qg6+ Ke5 49. Qg7+ 1-0

[Event "Early-Titled-Tuesday-Blitz-May-14-2024"]
[Site "Chess.com"]
[Date "2024.05.14"]
[Round "11"]
[White "AttilaTurzo"]
[Black "Bilan_Danila"]
[Result "1-0"]
[WhiteElo "2476"]
[BlackElo "2628"]
[TimeControl "180+1"]
[EndTime "10:08:27 PDT"]
[Termination "AttilaTurzo won on time"]

1. d4 d5 2. Nf3 Nf6 3. Bf4 c5 4. e3 Nc6 5. c3 cxd4 6. exd4 Bg4 7. Nbd2 e6 8. h3 Bh5 9. g4 Bg6 10. Nh4 Bd6 11. Bg5 Qc7 12. Nxg6 hxg6 13. Bg2 Bf4 14.
Bxf4 Qxf4 15. Qf3 Qg5 16. Qe3 Qh4 17. Nf3 Nxg4 18. hxg4 Qxh1+ 19. Bxh1 Rxh1+ 20. Kd2 Rxa1 21. Ng5 Rxa2 22. Qf4 Nd8 23. Kc2 Rc8 24. Nf3 b5 25.
Qd6 Nc6 26. Kb1 Ra4 27. Ng5 b4 28. b3 Ra6 29. Nxe6 fxe6 30. Qxe6+ Kd8 31. Qd6+ Ke8 32. Qe6+ Ne7 33. Qxa6 bxc3 34. Kc2 Kd7 35. Qxa7+ Rc7 36.
Qa4+ Kd6 37. Qb4+ Ke6 38. Qb6+ Rc6 39. Qb7 g5 40. b4 Kd6 41. b5 Rc7 42. Qb6+ Kd7 43.
Qa6 Nc8 44. b6 Rc6 45. Qb7+ Kd8 46. Qxc6 1-0

[Event "Early-Titled-Tuesday-Blitz-May-14-2024"]
[Site "Chess.com"]
[Date "2024.05.14"]
[Round "11"]
[White "karinachess1"]
[Black "cthulhuuu"]
[Result "1-0"]
[WhiteElo "2629"]
[BlackElo "2462"]
[TimeControl "180+1"]
[EndTime "10:08:28 PDT"]
[Termination "karinachess1 won by checkmate"]

1. c4 Nf6 2. Nc3 g6 3. d4 Bg7 4. h4 d6 5. e4 h6 6. Be2 Kf8 7. Be3 Kg8 8. f3 Kh7 9. Nh3 c5 10. dxc5 Qa5 11. cxd6 Nh5 12. Kf2 exd6 13. Qd2 Nc6 14.
Nf4 Nxf4 15. Bxf4 Be6 16. Rac1 Rad8 17. b3 f5 18. exf5 Bxf5 19. Rhe1 Bd4+ 20. Kf1 Rhf8 21. Nd5 Qxd2 22. Bxd2 Bb2 23. Rcd1 Bc2 24. Rc1 Bxc1 25.
Rxc1 Be4 26. Nc3 Bf5 27. Be3 Be6 28. Bd3 Bf5 29. Be2 Rfe8 30. Kf2 Ne5 31. Nd5 Kg7 32.
Rd1 Be6 33. Bxa7 Ra8 34. Nc7 Rxa7 35. Nxe8+ Kf7 36. Nxd6+ Kf6 37. a4 Nc6 38. Ne4+ Ke7 39. Nc5 Bf5 40. Re1 Kf7 41. g4 Bc8 42. Bd3 Ra5 43.
Ne4 Ne5 44. Bc2 Kg7 45. Kg3 Nc6 46. Nc3 Nd4 47. Bd1 Ra6 48. Re7+ Kf6 49. Nd5# 1-0

[Event "Early-Titled-Tuesday-Blitz-May-14-2024"]
[Site "Chess.com"]
[Date "2024.05.14"]
[Round "11"]
[White "Fh2411"]
[Black "invisible_s0ul"]
[Result "1/2-1/2"]
[WhiteElo "2550"]
[BlackElo "2353"]
[TimeControl "180+1"]
[EndTime "10:08:30 PDT"]
[Termination "Game drawn by agreement"]

1. d4 Nf6 2. Nf3 e6 3. Bf4 d5 4.
e3 Bd6 5. Bg3 O-O 6. Nbd2 c5 7.
c3 Nc6 8. Bd3 Re8 9. Ne5 Bxe5 10. dxe5 Nd7 11. Nf3 h6 12. O-O a6 13. Bc2 b5 14. e4 Nf8 15. exd5 exd5 16. Re1 Be6 17. Qe2 Rc8 18. Rad1 Qa5 19. a3 b4 20. axb4 cxb4 21. Ra1 Qc5 22. Rxa6 bxc3 23. bxc3 Qxc3 24. Bb1 Bg4 25. Rd1 Nb4 26. Ra4 Bxf3 27. Qxf3 Qxf3 28. gxf3 Rc4 29. f4 Ne6 30. f5 Nc5 31. Ra7 Ne4 32. e6 fxe6 33. fxe6 Rxe6 34. Bxe4 Rcxe4 35. Kg2 Re1 36. Rd2 R1e2 37. Rd4 R2e4 38. Rd1 Nc6 39. Ra8+ Kh7 40.
Rc1 Nd4 41. Rc7 Nf5 42. Raa7 Rg6 43. Kf3 Nxg3 44. hxg3 Ree6 45. Rd7 Ref6+ 46. Kg2 Rd6 47. Re7 d4 48. Re2 d3 49. Rd2 Rge6 50. Ra3 Kg6 51.
Raxd3 Rxd3 52. Rxd3 Rf6 53. Rd5 Rf5 1/2-1/2

[Event "Early-Titled-Tuesday-Blitz-May-14-2024"]
[Site "Chess.com"]
[Date "2024.05.14"]
[Round "11"]
[White "ilimchess2"]
[Black "amanjazu"]
[Result "1-0"]
[WhiteElo "2323"]
[BlackElo "2510"]
[TimeControl "180+1"]
[EndTime "10:08:30 PDT"]
[Termination "ilimchess2 won by resignation"]

1. d4 d5 2. Nf3 c5 3. c4 Nc6 4.
cxd5 Nxd4 5. Nxd4 cxd4 6. Qxd4 Nf6 7. Nc3 e6 8. e4 exd5 9. exd5 Bd6 10. Bb5+ Bd7 11.
Bxd7+ Qxd7 12. Bg5 Be7 13. O-O-O O-O 14. d6 Bd8 15. h4 h6 16. Bf4 Rc8 17. Kb1 Qf5+ 18. Ka1 Bb6 19. Qd2 Ba5 20. Rh3 Ne4 21. Qd5 Qxf4 22.
Qxe4 Qxf2 23. d7 Rcd8 24. Rhd3 Qb6 25. Nd5 Qa6 26. Qg4 f5 27. Ne7+ Kh7 28. Nxf5 Qf6 29. Rd5 Bb6 30. h5 g6 31. hxg6+ Qxg6 32. Qe4 Rf7 33. g4 Kh8 34. Rd6 Rf6 35. Qe5 Rf8 36.
Rxf6 Qxf6 37. Qxf6+ Rxf6 38. d8=Q+ Bxd8 39. Rxd8+ Kh7 40. Rd7+ Kg8 41. Rxb7 h5 42. Rxa7 hxg4 43. Rg7+ Kf8 44. Rxg4 Rxf5 45. a4 Ke7 46. Ka2 Kd7 47. Rc4 Rf3 48. b3 Kd6 49. Ka3 Kd5 50. Rc1 Kd4 51. a5 Rf5 52. Ka4 1-0

[Event "Early-Titled-Tuesday-Blitz-May-14-2024"]
[Site "Chess.com"]
[Date "2024.05.14"]
[Round "11"]
[White "ilqar_74"]
[Black "Korchmar_Vasiliy"]
[Result "1-0"]
[WhiteElo "2830"]
[BlackElo "2683"]
[TimeControl "180+1"]
[EndTime "10:08:31 PDT"]
[Termination "ilqar_74 won on time"]

1. e4 c5 2. Nf3 d6 3. d4 cxd4 4. Nxd4 Nf6 5. Nc3 e5 6. Bb5+ Nbd7 7. Nf5 a6 8. Be2 Nc5 9. Bg5 Ncxe4 10. Nxg7+ Bxg7 11. Nxe4 O-O 12. Bxf6 Bxf6 13. Qxd6 Qxd6 14. Nxd6 Be6 15.
Bc4 Rfd8 16. Bxe6 Rxd6 17. Bf5 e4 18. c3 Re8 19. Ke2 e3 20. Rad1 Rb6 21. Rb1 Bg5 22. h4 Bh6 23. g4 Rd6 24. Rbd1 Rd2+ 25. Rxd2 exd2+ 26. Kd1 Bf4 27. Bd3 Kg7 28. Be2 h6 29. Rh3 Kf6 30. Rd3 Re7 31. Rd5 Re5 32. Rd4 Bh2 33.
f4 Re6 34. Kxd2 Bg1 35. Rc4 Be3+ 36. Kc2 Bb6 37. Bd3 Kg7 38. g5 h5 39. f5 Rd6 40.
f6+ Kf8 41. Rc8+ Rd8 42. Rxd8+ Bxd8 43. Be4 b6 44. Bf3 Bc7 45. Bxh5 Bg3 46. Be2 Bxh4 47.
Bxa6 Bxg5 48. Kd3 Bxf6 49. Kc4 Bd8 50. Kb5 Ke7 51. Kc6 f5 52. Be2 f4 53. b4 Ke6 54. a4 Ke5 55. Bf3 Ke6 56. Bh1 Ke5 57. Bd5 Kf6 58. Kd7 Be7 59. Kc7 Ke5 60. Bf3 Bf6 61.
Kxb6 Kd6 62. c4 Kd7 63. Kb7 Be7 64. c5 Kd8 65. a5 1-0

[Event "Early-Titled-Tuesday-Blitz-May-14-2024"]
[Site "Chess.com"]
[Date "2024.05.14"]
[Round "11"]
[White "Blitz_Lover1"]
[Black "NelsonLinda"]
[Result "1/2-1/2"]
[WhiteElo "2424"]
[BlackElo "2619"]
[TimeControl "180+1"]
[EndTime "10:08:31 PDT"]
[Termination "Game drawn by repetition"]

1. e4 g6 2. d4 Nf6 3. Nc3 d5 4. Bd3 dxe4 5. Nxe4 Bg7 6. c3 Kf8 7. h3 h6 8. Nf3 Kg8 9. O-O Kh7 10. Re1 Nbd7 11. Nxf6+ Nxf6 12. Ne5 Rf8 13. Qf3 a5 14. Qg3 Bf5 15. Bxf5 gxf5 16. Qf3 e6 17. Qxb7 Nd5 18. Qc6 Qe7 19. a4 Rg8 20. Qc4 Qf6 21. Qd3 Bf8 22. Qf3 Bd6 23. Bd2 Bxe5 24. dxe5 Qg6 25. Kh1 Rab8 26. Rab1 Rb3 27. Rg1 Rgb8 28. g4 Rxb2 29. Rxb2 Rxb2 30. Bc1 Rc2 31. gxf5 Qxf5 32. Qg3 Qe4+ 33. f3 Qg6 34. Qh4 Rxc1 35. Rxc1 Qd3 36. Qg3 Ne7 37. Rg1 Ng6 38. h4 h5 39. Qg5 Qxf3+ 40.
Rg2 Qf1+ 41. Kh2 Kg7 42. Qxh5 Qf4+ 43. Kg1 Qc1+ 44. Kh2 Qf4+ 45. Rg3 Qf2+ 46. Kh3 Qf1+ 47. Kh2 Qf2+ 48. Rg2 Qf4+ 1/2-1/2

[Event "Early-Titled-Tuesday-Blitz-May-14-2024"]
[Site "Chess.com"]
[Date "2024.05.14"]
[Round "11"]
[White "blitzking1729"]
[Black "Rodalquilar"]
[Result "1-0"]
[WhiteElo "2768"]
[BlackElo "2863"]
[TimeControl "180+1"]
[EndTime "10:08:32 PDT"]
[Termination "blitzking1729 won on time"]

1. Nf3 d5 2. g3 Nf6 3. Bg2 Bf5 4. O-O e6 5. c4 c6 6. d3 dxc4 7. dxc4 Nbd7 8. Nc3 Be7 9. Be3 O-O 10. h3 h6 11.
Qb3 Qc7 12. Rac1 Nc5 13. Qd1 Rfd8 14. Qe1 a5 15. Nd4 Bh7 16. Nb3 Nxb3 17. axb3 Bb4 18. f4 Ne4 19. Bxe4 Bxe4 20. Qf2 Bh7 21. Bb6 Qe7 22.
Bxd8 Qxd8 23. Rfd1 Qe7 24. Na4 h5 25. Kh2 Bf5 26.
Qd4 Kh7 27. Nb6 Bc5 28. Qd7 Qxd7 29. Nxd7 Bb4 30. Ne5 f6 31. Nd3 Be7 32. Nf2 Bc5 33.
Kg2 a4 34. Ra1 Bc2 35. Rd7 Bxb3 36. Ne4 Bf8 37. Nxf6+ Kg6 38. Ne4 Bxc4 39. Nc3 b5 40. e4 Bb4 41. Nd1 Bc5 42. g4 hxg4 43. hxg4 e5 44. Rc7 Ra6 45. f5+ Kf6 46. Kf3 Bd6 47. Rd7 Bc5 48. Ne3 Bxe3 49. Kxe3 b4 50. g5+ Kxg5 51. Rg1+ Kh6 52. Rg6+ Kh5 53. Rd2 1-0

[Event "Early-Titled-Tuesday-Blitz-May-14-2024"]
[Site "Chess.com"]
[Date "2024.05.14"]
[Round "11"]
[White "maciek_92"]
[Black "vaishali2001"]
[Result "0-1"]
[WhiteElo "2819"]
[BlackElo "2713"]
[TimeControl "180+1"]
[EndTime "10:08:32 PDT"]
[Termination "vaishali2001 won by checkmate"]

1. c4 Nf6 2. Nc3 g6 3. d4 Bg7 4. e4 d6 5. h3 O-O 6. Be3 Nbd7 7. Nf3 e5 8. d5 Nc5 9. Qc2 a5 10. Nd2 c6 11. g4 cxd5 12. cxd5 Bd7 13. a4 Rc8 14. Nc4 Ne8 15. g5 f5 16. h4 fxe4 17.
Nxe4 Nxe4 18. Qxe4 Bf5 19. Qg2 Nc7 20. Nb6 e4 21. Rb1 Qe7 22. Bc4 Rce8 23. Kd2 Na8 24.
Nxa8 Rxa8 25. Rhc1 Qd7 26. b3 Qe7 27. Rc2 Qe5 28. Rbc1 Rac8 29. Qg3 Qe7 30. Bb5 Be5 31. Qg1 Rxc2+ 32. Rxc2 Bg7 33. Qc1 Bg4 34. Rc7 Qe5 35.
Qc4 Qb2+ 36. Qc2 Qe5 37. Bc4 Bh8 38. Rxb7 Qh2 39. Kc1 Qg1+ 40. Kd2 Rxf2+ 41. Bxf2 Qxf2+ 42. Kc1 Qe1+ 43. Qd1 Qxd1# 0-1

[Event "Early-Titled-Tuesday-Blitz-May-14-2024"]
[Site "Chess.com"]
[Date "2024.05.14"]
[Round "11"]
[White "h4parah5"]
[Black "platy3"]
[Result "0-1"]
[WhiteElo "3033"]
[BlackElo "2892"]
[TimeControl "180+1"]
[EndTime "10:08:33 PDT"]
[Termination "platy3 won by resignation"]

1. Nf3 Nf6 2. c4 e6 3. b3 d5 4. Bb2 b6 5. g3 Bb7 6. Bg2 Be7 7. O-O O-O 8. cxd5 Nxd5 9. d4 Nd7 10. Re1 c5 11. e4 N5f6 12. Nc3 cxd4 13. Nxd4 Ne5 14. Re2 a6 15. Rd2 Qb8 16. f4 Nc6 17. Nxc6 Bxc6 18. e5 Bc5+ 19. Kh1 Bxg2+ 20. Kxg2 Ne8 21.
Qf3 Ra7 22. a3 f5 23. b4 Be7 24. Ne2 Rc7 25. Nd4 Qc8 26. Rad1 g5 27. Ne2 Ng7 28. Bd4 g4 29. Qe3 Qb7+ 30. Kf2 Rb8 31. Kg1 h5 32. Qf2 h4 33. Qg2 Qc8 34. h3 Qe8 35. gxh4 Qh5 36. Bf2 Bxh4 37. hxg4 fxg4 38. Nd4 Rf8 39. Be3 Rcf7 40.
Qe4 g3 41. Rg2 Qg4 42. Rf1 Re8 43. Qf3 Qg6 44. Bd2 Nf5 45. Nxf5 Qxf5 46. Be1 Rg7 47. Bxg3 Bxg3 48. Rxg3 Re7 49. Rxg7+ Rxg7+ 50. Kf2 Qc2+ 51. Ke1 Rg2 52. Qe3 Qb1+ 0-1

[Event "Early-Titled-Tuesday-Blitz-May-14-2024"]
[Site "Chess.com"]
[Date "2024.05.14"]
[Round "11"]
[White "temus_galaktionov"]
[Black "ChessQueen"]
[Result "0-1"]
[WhiteElo "2857"]
[BlackElo "2793"]
[TimeControl "180+1"]
[EndTime "10:08:33 PDT"]
[Termination "ChessQueen won by resignation"]

1. d4 f5 2. Nf3 Nf6 3. c4 g6 4. g3 Bg7 5. Bg2 O-O 6. O-O d6 7. Nc3 a5 8. Re1 a4 9. Nxa4 e5 10. dxe5 dxe5 11. Qxd8 Rxd8 12. Nc3 e4 13. Nd2 Na6 14.
f3 Nb4 15. Rd1 Nc2 16. Rb1 Ne3 17. Re1 Nc2 18. Rf1 Ne3 19. Rf2 Nxg2 20. Rxg2 Be6 21. c5 Nd5 22. fxe4 Nxc3 23. bxc3 Bxc3 24. exf5 Bxa2 25.
Rxb7 Bd5 26. Rb3 Bxb3 27. Nxb3 Rd1+ 28. Kf2 Rb8 29. fxg6 hxg6 30. Bf4 Rxb3 31. Kf3 Be5+ 32. Ke4 Bxf4 33. gxf4 Kf7 34. h4 Rc3 35. h5 gxh5 36.
Rg5 Rc4+ 37. Ke3 h4 38. Rh5 Kg6 39. Rxh4 Rxc5 40. Kf3 Rh5 41. Rg4+ Kf6 42. Rg8 c5 43. Rc8 Rh3+ 44. Kg4 Re3 45. Rc6+ Re6 46. Rxc5 Rxe2 47. Rc6+ Re6 48. Rc8 Rg1+ 49. Kf3 Rg7 50. Rf8+ Rf7 51. Rb8 Kg7 52. Rb4 Ref6 53. Kg4 Rg6+ 54. Kf3 Rd6 55. Kg4 Rfd7 56. Rb5 Rd4 57. Ra5 Rf7 58. Rg5+ Kf8 59. Kh5 Rdxf4 60. Kg6 R4f6+ 61. Kh5 Rf5 0-1

[Event "Early-Titled-Tuesday-Blitz-May-14-2024"]
[Site "Chess.com"]
[Date "2024.05.14"]
[Round "11"]
[White "Anton_Demchenko"]
[Black "jumpingknight20"]
[Result "1-0"]
[WhiteElo "2868"]
[BlackElo "2762"]
[TimeControl "180+1"]
[EndTime "10:08:33 PDT"]
[Termination "Anton_Demchenko won by checkmate"]

1. e4 c5 2. Nc3 d6 3. Bb5+ Bd7 4. a4 g6 5. f4 Bg7 6. Nf3 a6 7. Bxd7+ Qxd7 8. Nd5 Qd8 9. a5 Nd7 10. O-O Ngf6 11. Nxf6+ Bxf6 12. Qe1 Qc7 13. d3 O-O 14. c3 Bg7 15. Be3 b6 16. axb6 Nxb6 17. Qh4 c4 18. d4 d5 19. e5 Qd7 20. g4 f6 21.
Rf2 a5 22. Re1 a4 23. Bc1 fxe5 24. dxe5 e6 25. Be3 d4 26. Nxd4 Nd5 27. Bd2 a3 28.
bxa3 Rxa3 29. f5 exf5 30. gxf5 gxf5 31. e6 Qe8 32. e7 Rf6 33. Nxf5 Rg6+ 34. Kf1 Bf6 35. Qe4 Nxc3 36. Qxc4+ Kh8 37. Nd6 Qxe7 38. Rxe7 Bxe7 39. Bxc3+ Rxc3 40. Qxc3+ Kg8 41. Qb3+ Kh8 42. Qb8+ Kg7 43. Nf5+ Kf6 44. Qb2+ Kf7 45. Qb3+ Kf6 46. Qc3+ Kg5 47. Nxe7 Re6 48. Qg3+ Kh6 49. Ng8+ Kh5 50.
Rf5# 1-0

[Event "Early-Titled-Tuesday-Blitz-May-14-2024"]
[Site "Chess.com"]
[Date "2024.05.14"]
[Round "11"]
[White "chito89"]
[Black "FormerProdigy"]
[Result "1/2-1/2"]
[WhiteElo "2843"]
[BlackElo "2999"]
[TimeControl "180+1"]
[EndTime "10:08:34 PDT"]
[Termination "Game drawn by repetition"]

1. e4 e5 2. Bc4 Nf6 3. d3 Bc5 4. Nc3 c6 5. Nf3 d6 6. a3 a5 7.
Ba2 h6 8. h3 Be6 9. Ne2 Bxa2 10.
Rxa2 Nbd7 11. Ng3 d5 12. exd5 Nxd5 13. O-O O-O 14. Re1 Re8 15. c4 N5f6 16. b3 Qc7 17.
Rae2 Re6 18. d4 exd4 19. Rxe6 fxe6 20. Nxd4 Re8 21. Bb2 Qd6 22. Nf1 Bxa3 23. Bxa3 Qxa3 24. Nxe6 Nc5 25. Qd6 Qb4 26. Re3 Nxe6 27. Rxe6 Qxd6 28.
Rxd6 Re1 29. f3 Rb1 30. Rd3 Nh5 31. Kf2 Nf4 32. Rd8+ Kh7 33. Nd2 Ne6 34. Rd6 Rb2 35. Rxe6 Rxd2+ 36. Re2 Rxe2+ 37. Kxe2 b5 38. f4 Kg6 39. g4 Kf6 40. Kd3 Ke6 41. Kd4 b4 42. Ke4 Kd6 43. Kd4 Ke6 44. Kc5 g6 45. Kd4 Kd6 46.
Ke4 Ke6 47. Kd4 Kd6 48. Ke4 Ke6 49. Kd4 1/2-1/2

[Event "Early-Titled-Tuesday-Blitz-May-14-2024"]
[Site "Chess.com"]
[Date "2024.05.14"]
[Round "11"]
[White "Tigranpatagonian"]
[Black "kyawmyataung2005"]
[Result "1/2-1/2"]
[WhiteElo "2373"]
[BlackElo "2272"]
[TimeControl "180+1"]
[EndTime "10:08:34 PDT"]
[Termination "Game drawn by repetition"]

1. d4 Nf6 2. c4 e5 3. dxe5 Ng4 4. e4 Nxe5 5. f4 Nec6 6. Be3 a5 7. Nc3 Na6 8. Qh5 Nab4 9. O-O-O g6 10. Qh3 d5 11.
f5 d4 12. Nf3 Bg7 13. Bg5 f6 14. Bh6 O-O 15. Nd5 Nxa2+ 16. Kb1 Nab4 17. g4 a4 18. Nxd4 Nxd4 19. Nxb4 c5 20. Nc2 a3 21. Nxa3 Bxh6 22. Qxh6 g5 23. h4 Rf7 24. hxg5 fxg5 25. Rh5 Rg7 26. f6 Rg6 27. Rxg5 Qxf6 28. Rxg6+ Qxg6 29. Qxg6+ hxg6 30. g5 Bg4 31. Rd2 Rf8 32. Bd3 Nf3 33. Rf2 Rd8 34. Be2 Ne5 35. Bxg4 Nxg4 36. Rf4 Ne5 37. Kc2 Kg7 38. b3 Rh8 39. Nb5 Rh5 40.
Rf6 Rxg5 41. Rb6 Rg2+ 42. Kb1 Nd3 43. Rxb7+ Kh6 44. Nd6 Rb2+ 45. Ka1 Re2 46. Rd7 Nc1 47. Rb7 Nd3 48. Kb1 Rb2+ 49. Ka1 Re2 1/2-1/2

[Event "Early-Titled-Tuesday-Blitz-May-14-2024"]
[Site "Chess.com"]
[Date "2024.05.14"]
[Round "11"]
[White "rionelG"]
[Black "Kushch_Nikolai"]
[Result "0-1"]
[WhiteElo "2286"]
[BlackElo "2420"]
[TimeControl "180+1"]
[EndTime "10:08:35 PDT"]
[Termination "Kushch_Nikolai won on time"]

1. e4 c5 2. Nf3 e6 3. d4 cxd4 4. Nxd4 a6 5. Nc3 Qc7 6. g3 d6 7. Bg2 Bd7 8. O-O Nc6 9. Nxc6 Bxc6 10. Re1 Be7 11. Ne2 Nf6 12. Nd4 Bd7 13. b3 O-O 14. c4 Rac8 15. Bb2 b5 16. cxb5 axb5 17. a4 bxa4 18. bxa4 Qb6 19. Qd2 d5 20. a5 Qb8 21.
Ba3 Bxa3 22. Rxa3 dxe4 23. a6 Qa7 24. Nc2 Rfd8 25. Ne3 Bb5 26. Qa5 Bd3 27. Rb3 Qxa6 28.
Qg5 h6 29. Qf4 Qd6 30. Qh4 Nd5 31. Bxe4 g5 32. Qxh6 Bxe4 33. Qxg5+ Bg6 34. Ng4 Qe7 35. Qh6 Qf8 36. Qg5 Qg7 37. Rf3 Bf5 38. Nh6+ Kf8 39. Qh4 Bg6 40. Ng4 Rd6 41. Qg5 f5 42. Ne5 Bf7 43. Qh4 Nf6 44. Rfe3 Re8 45. Nf3 Ng4 46. R3e2 Qh6 47. Qxh6+ Nxh6 48. Ng5 Bg8 49. f4 Ng4 50. h3 Nf6 51. Rb2 Nd5 52. Rb7 Re7 0-1

[Event "Early-Titled-Tuesday-Blitz-May-14-2024"]
[Site "Chess.com"]
[Date "2024.05.14"]
[Round "11"]
[White "praveenb2002"]
[Black "Adar_07"]
[Result "1-0"]
[WhiteElo "2854"]
[BlackElo "2720"]
[TimeControl "180+1"]
[EndTime "10:08:36 PDT"]
[Termination "praveenb2002 won by resignation"]

1. c4 e5 2. g3 h5 3. h4 Bc5 4. Bg2 Nf6 5. Nf3 e4 6. Ng5 d5 7.
cxd5 Bf5 8. Nc3 Qe7 9. Ngxe4 Bxe4 10. Nxe4 Bb6 11. Nxf6+ Qxf6 12. e3 Nd7 13. Qf3 Qd6 14. Qe4+ Kd8 15. Qf4 Qe7 16. Qe4 Qd6 17. b3 Nc5 18.
Qc2 Qf6 19. Bb2 Qh6 20. Qf5 Re8 21. Rc1 Qd6 22. Bh3 f6 23. d4 Ba5+ 24. Kf1 Ne4 25. Ba3 g6 26. Bxd6 gxf5 27. Bf4 Nd6 28. Bxd6 cxd6 29. Bxf5 Bd2 30. Rc2 Bb4 31. Ke2 Ke7 32.
Rc7+ Kf8 33. Rhc1 Ba5 34. Rxb7 Re7 35. Rxe7 Kxe7 36. Rc8 Rxc8 37. Bxc8 Kf7 38. Be6+ Kg6 39. Bd7 Kh6 40. Be8 Bb4 41. f3 Bc3 42. g4 hxg4 43. fxg4 Bb4 44. Bf7 a5 45. Kd3 Be1 46. h5 Kg5 47. Be6 Bf2 48. Bf5 Bg1 49. a3 Bf2 50. b4 axb4 51. axb4 Be1 52. Kc4 Bd2 53.
e4 Be1 54. Kb5 Bd2 55. Ka4 Bc3 56. b5 Bxd4 57. Ka5 Be5 58. b6 1-0

[Event "Early-Titled-Tuesday-Blitz-May-14-2024"]
[Site "Chess.com"]
[Date "2024.05.14"]
[Round "11"]
[White "Mbneu"]
[Black "AniJak"]
[Result "1/2-1/2"]
[WhiteElo "2236"]
[BlackElo "2360"]
[TimeControl "180+1"]
[EndTime "10:08:37 PDT"]
[Termination "Game drawn by repetition"]

1. d4 f5 2. e4 fxe4 3. Nc3 Nf6 4. f3 exf3 5. Nxf3 e6 6. Bd3 Be7 7. O-O O-O 8. Qe1 Nc6 9. Ne4 d5 10. Neg5 g6 11. Nxe6 Bxe6 12. Qxe6+ Kg7 13. Qh3 Nh5 14. g4 Nf4 15. Bxf4 Rxf4 16. Rae1 Bd6 17. g5 Qf8 18. c3 Kg8 19. Ne5 Nxe5 20. dxe5 Bc5+ 21. Kg2 Rf2+ 22. Kh1 Re8 23. Rxf2 Qxf2 24. Rf1 Qe3 25. Qxe3 Bxe3 26. h4 Rxe5 27. Kg2 Bc5 28. Kg3 Re3+ 29. Rf3 Bd6+ 30. Kg4 Rxf3 31. Kxf3 Kf7 32. Kg4 Be5 33. h5 gxh5+ 34. Kxh5 Kg7 35. Bf5 Bf4 36. Be6 Bc1 37. Bxd5 c6 38. Be6 Bxb2 39. c4 b5 40. cxb5 cxb5 41.
Bd7 b4 42. Ba4 a5 43. Bb3 Bc1 44. Ba4 Kf8 45. Bb3 Ke7 46. Bc2 Kf8 47. Bxh7 a4 48. Bc2 a3 49. Bb3 Kg7 50. Kg4 Bb2 51. Kf5 Bc3 52. g6 Bb2 53. Bf7 Bc3 54. Ke4 Bb2 55. Kd3 Bc3 56. Kc2 Kf6 57. Kb3 Kg7 58. Kc2 Kf6 59. Kb3 Kg7 60. Kc2 1/2-1/2

[Event "Early-Titled-Tuesday-Blitz-May-14-2024"]
[Site "Chess.com"]
[Date "2024.05.14"]
[Round "11"]
[White "NMChessToImpress"]
[Black "Carolinamazariegos88"]
[Result "1-0"]
[WhiteElo "2264"]
[BlackElo "1710"]
[TimeControl "180+1"]
[EndTime "10:08:37 PDT"]
[Termination "NMChessToImpress won by resignation"]

1. e4 d5 2. exd5 Qxd5 3. Nc3 Qd8 4. d4 c6 5. Nf3 Nf6 6. Bc4 Bf5 7. Ne5 e6 8. g4 Bg6 9. h4 Be4 10. Nxe4 Nxe4 11.
Qf3 Nd6 12. Bb3 Nd7 13. Bf4 Nxe5 14. dxe5 Nb5 15. Rd1 Qa5+ 16. c3 Bc5 17. O-O Rd8 18. Bg5 Rxd1 19. Rxd1 O-O 20. Qf4 Qb6 21. Bc2 f5 22. exf6 Nc7 23. f7+ Kh8 24. b4 Bxf2+ 25.
Qxf2 Qxf2+ 26. Kxf2 Rxf7+ 27. Kg3 g6 28. Rd8+ Kg7 29. Bf4 Nd5 30. Bb3 Nxf4 31. h5 gxh5 32. g5 Re7 33. Kxf4 e5+ 34. Ke4 h6 35. gxh6+ Kxh6 36. Rh8+ Kg5 37. Rg8+ Kh4 38. Kf5 e4 39. Rg1 e3 40.
Re1 Kg3 41. Bd1 Kf2 42. Re2+ Kf1 43. Kf4 h4 44. Rxe3 Rxe3 45. Kxe3 Kg2 46. Bf3+ Kg1 47. c4 h3 48. b5 cxb5 49. cxb5 h2 50. Bxb7 h1=Q 51.
Bxh1 Kxh1 52. Kd4 Kg2 53. Kc5 Kf3 54. Kc6 Ke4 55. Kb7 Kd5 56. Kxa7 1-0

[Event "Early-Titled-Tuesday-Blitz-May-14-2024"]
[Site "Chess.com"]
[Date "2024.05.14"]
[Round "11"]
[White "noblerone"]
[Black "agvega14"]
[Result "1-0"]
[WhiteElo "2505"]
[BlackElo "2177"]
[TimeControl "180+1"]
[EndTime "10:08:38 PDT"]
[Termination "noblerone won on time"]

1. d4 d5 2. Nf3 Nf6 3. Bg5 Ne4 4. Bf4 c5 5. e3 Nc6 6. c3 e6 7.
Nbd2 Nxd2 8. Qxd2 Qb6 9. Bd3 Be7 10. O-O h6 11. e4 dxe4 12. Bxe4 cxd4 13. Nxd4 Nxd4 14. cxd4 O-O 15. Rad1 Bf6 16. Bb1 Rd8 17. Be3 Qb5 18. Qc2 g6 19. Bxh6 Bd7 20. Be3 Bc6 21.
f3 Rac8 22. Qf2 Qh5 23. b3 Rd5 24. Be4 Rd6 25. Bxc6 Rdxc6 26. Rd2 Rc1 27. Rfd1 Qf5 28. g3 Rxd1+ 29. Rxd1 Rc2 30. Rd2 Rc1+ 31. Kg2 Qb1 32.
Rb2 Qa1 33. Bxc1 Qxc1 34. Rd2 Qc6 35. Qe2 Qd5 36. Qe4 Qd7 37. f4 Kg7 38. d5 exd5 39.
Qxd5 Qc7 40. h4 Qc3 41. Qd3 Qc1 42. Re2 Qc6+ 43. Qf3 Qa6 44. h5 Qd6 45. hxg6 fxg6 46. Qe4 b6 47. Qb7+ Kh6 48. Qe4 Kg7 49. a4 a5 50. Qc4 Qd1 51. Qe4 Qd6 52. Qf3 Qc5 53. g4 1-0

[Event "Early-Titled-Tuesday-Blitz-May-14-2024"]
[Site "Chess.com"]
[Date "2024.05.14"]
[Round "11"]
[White "Hikaru"]
[Black "AnishOnYoutube"]
[Result "1-0"]
[WhiteElo "3235"]
[BlackElo "3038"]
[TimeControl "180+1"]
[EndTime "10:08:39 PDT"]
[Termination "Hikaru won on time"]

1. e4 c5 2. Nf3 d6 3. d4 cxd4 4. Qxd4 Nf6 5. Nc3 Nc6 6. Bb5 Bd7 7. Bxc6 Bxc6 8. Bg5 e6 9. O-O-O Be7 10. Qd3 O-O 11. Nd4 Qa5 12. f4 Rfc8 13. Rhe1 h6 14. Bh4 Qa6 15. Qh3 Re8 16. f5 e5 17. Nxc6 bxc6 18.
Bxf6 Bxf6 19. Rxd6 Bg5+ 20. Kb1 Rad8 21. Red1 Rxd6 22.
Rxd6 Rb8 23. Rd1 Qc4 24. Qd3 Qc5 25. b3 a5 26. Qf3 Qb4 27. Kb2 a4 28. a3 Qa5 29. b4 Be7 30. Na2 c5 31. c3 Qb6 32.
Qe2 cxb4 33. axb4 Qc6 34. Rd5 Bf6 35. Qd3 Kh7 36. Ka3 Qb6 37. Qd1 Qf2 38. Rd2 Qe3 39.
Qc2 Qe1 40. Rd1 Qe3 41. Qd3 Qf2 42. Qd2 Qh4 43. Qe2 Qxh2 44. c4 Qg3+ 45. Rd3 Qf4 46. c5 Qh4 47. Nc3 Qh1 48. Rd1 Qh4 49. Nd5 Bg5 50. c6 Qg3+ 51. Rd3 Bc1+ 52. Ka2 Qg5 53. c7 Rc8 54. b5 Bf4 55. b6 Qh4 56. b7 1-0

[Event "Early-Titled-Tuesday-Blitz-May-14-2024"]
[Site "Chess.com"]
[Date "2024.05.14"]
[Round "11"]
[White "santosalberto1987"]
[Black "Flaccidmoves"]
[Result "1/2-1/2"]
[WhiteElo "2589"]
[BlackElo "2440"]
[TimeControl "180+1"]
[EndTime "10:08:39 PDT"]
[Termination "Game drawn by repetition"]

1. e4 c6 2. c4 e5 3. Nf3 d6 4.
Nc3 Nf6 5. d4 Nbd7 6. Be2 Be7 7.
O-O O-O 8. Be3 Re8 9. h3 Bf8 10. d5 Nc5 11. Qc2 a5 12. b3 Nh5 13. Rfd1 Qf6 14. a3 Nf4 15. b4 axb4 16. axb4 Rxa1 17. Rxa1 Na6 18. Rb1 c5 19. bxc5 Nxc5 20. Bxc5 dxc5 21. Kh2 Qh6 22. Bf1 Qh5 23. Ng1 f5 24. Qd1 Qh6 25. g3 Nh5 26. exf5 Bxf5 27. Rxb7 e4 28. Bg2 e3 29. f4 Nf6 30. Nge2 Ng4+ 31. Kg1 Nf2 32. Qa4 Rd8 33. Qa5 Re8 34. h4 Nh3+ 35. Kh2 Nf2 36. Qb5 Ng4+ 37. Kg1 Ra8 38. Qb2 Qf6 39. Rb8 Rxb8 40.
Qxb8 Bd3 41. Qc8 Nf2 42. Qe6+ Qxe6 43. dxe6 Bxc4 44. Nd5 Bxe2 45. e7 Bxe7 46. Nxe7+ Kf8 47. Nd5 c4 48. Nxe3 Nd3 49. Nxc4 Nxf4 50. Ne3 Nd3 51. Bf1 Bxf1 52. Kxf1 Ne5 53. Kg2 g6 54. Kh3 Kf7 55. Ng4 Nxg4 56. Kxg4 h6 57. Kf4 Kf6 58. g4 g5+ 59.
hxg5+ hxg5+ 60. Ke4 Ke6 61. Kd4 Kd6 62. Ke4 Ke6 63.
Kd4 Kd6 64. Ke4 Ke6 1/2-1/2